Map: Ruins of Seras

Players

Castiel - Winner!

  • Race: Zerg Zerg

lesha

  • Race: Terran Terran
  • League: Silver

VOD

Have the link to the VOD?

Description

Time

  • Played on: Dec. 17, 2015, 9:51 a.m.
  • Length: 5:58
Show
View Real Time Build Order
Export as new Build Order

Castiel Zerg - Winner!

Build Orders: Hatch First 

Get SALT Encoding   

  12  0:01  Drone  
  13  0:10  Drone  
  14  0:14  Extractor  
  14  0:17  Drone  
  15  0:25  Overlord  
  15  0:45  Drone x3  
  18  1:03  Hatchery  
  17  1:04  Extractor  
  17  1:06  Drone  
  17  1:17  Spawning Pool  
  16  1:20  Drone  
  17  1:26  Drone  
  17  1:29  Drone  
  19  1:39  Overlord  
  19  2:03  Queen  
  19  2:05  Zergling x4  
  19  2:08  Metabolic Boost  
  23  2:15  Queen  
  23  2:17  Drone  
  23  2:21  Drone  
  27  2:27  Drone x2  
  29  2:37  Drone x2  
  29  2:42  Queen  
  33  2:48  Evolution Chamber  
  32  2:51  Pneumatized Carapace  
  32  2:55  Drone  
  33  3:05  Drone x3  
  36  3:18  Overlord  
  36  3:27  Overlord  
  36  3:35  Overlord x2  
  36  3:36  Queen x2  
  41  3:55  Zergling x2  
  41  3:56  Zergling x8  
  45  4:07  Zergling x8  
  45  4:08  Overlord  
  49  4:24  Queen  
  49  4:29  Roach Warren  
  49  4:30  Zergling x2  
  49  4:31  Zergling x8  
  54  4:35  Zergling x4  
  57  4:43  Overlord  
  57  4:59  Queen  
  57  5:03  Drone  
  57  5:04  Drone x6  
  66  5:11  Spore Crawler  
  66  5:12  Spore Crawler  
Show
View Real Time Build Order
Export as new Build Order

lesha Terran 

Build Orders:  

Get SALT Encoding   

  12  0:01  SCV  
  14  0:19  Supply Depot  
  13  0:21  SCV  
  14  0:33  SCV  
  15  0:41  Refinery  
  15  0:46  SCV  
  15  0:47  Barracks  
  16  0:58  SCV  
  17  1:10  SCV  
  18  1:22  SCV  
  19  1:34  SCV, Reaper  
  21  1:44  Command Center  
  21  1:48  Refinery  
  21  1:54  Orbital Command  
  21  2:07  Marine  
  22  2:20  Factory  
  22  2:21  SCV  
  23  2:42  Supply Depot  
  23  2:55  SCV, Marine  
  25  3:01  Supply Depot  
  25  3:07  SCV  
  23  3:28  Marine  
  23  3:30  Hellion  
  23  3:32  SCV  
  27  3:36  SCV  
  28  3:44  SCV  
  28  3:45  Marine  
  30  3:50  Starport  
  29  4:21  Orbital Command  
  29  4:25  SCV  
  29  4:27  Marine  
  29  4:29  Medivac  
  29  4:31  Factory Tech Lab  
  33  4:37  SCV  
  34  4:39  Barracks x2  
  34  4:45  Barracks, Marine  
  34  4:49  SCV  
  34  4:52  SCV  
  37  5:02  SCV, Siege Tank, Bunker  
  37  5:04  SCV  
  37  5:06  Barracks Reactor  
  42  5:14  SCV  
  43  5:20  Supply Depot x2  
  43  5:21  Supply Depot, Starport Reactor  
  43  5:26  SCV  
  43  5:27  SCV  
  45  5:30  Barracks Reactor  
  45  5:31  Marine  
  41  5:38  SCV  
  41  5:39  SCV  
Tags
 
Add a new tag
Caveats
  • Supply blocks, unpowered buildings, or Contaminate may cause inaccurate times.
  • Supply counts are checked every 10 seconds.